 Dungeon Crawl Stone Soup version 0.30-a0-381-g6ea064c7b4 (webtiles) character file.

Game seed: 17410568749646994336

8086 Armakuni the Grappler (level 11, -1/100 HPs)
             Began as a Troll Hedge Wizard on Dec 1, 2022.
             Was a High Priest of Jiyva.
             Slain by a fire elemental (10 damage)
             ... on level 11 of the Dungeon.
             The game lasted 00:33:22 (8416 turns).

Armakuni the Grappler (Troll Hedge Wizard)          Turns: 8416, Time: 00:33:23

Health: -1/100     AC:  4    Str: 18 (20) XL:     11   Next: 5%
Magic:  14/14      EV: 10    Int: 12 (14) God:    Jiyva [*****.]
Gold:   590        SH:  0    Dex:  8 (9)  Spells: 10/16 levels left

rFire   . . .      SeeInvis .      - Unarmed
rCold   + . .      Faith    +    (no shield)
rNeg    . . .      Spirit   .    E - +0 robe
rPois   +          Reflect  .    c - +1 hat
rElec   .          Harm     .    (no cloak)
rCorr   +          Rampage  .    (gloves unavailable)
Will    .....                    (boots unavailable)
Stlth   +.........               U - amulet of faith
HPRegen 2.60/turn                P - ring of poison resistance
MPRegen 0.59/turn                J - ring of protection from cold

@: about to teleport
A: large, unfitting armour, claws 3, regeneration 1, shaggy fur 1, tough skin 1,
horns 1, wild magic 3, pseudopods 3, MP-powered wands, noise suppression
a: Renounce Religion, Oozemancy, Slimify


You were on level 11 of the Dungeon.
You worshipped Jiyva.
Jiyva was extremely pleased with you.
You visited 1 branch of the dungeon, and saw 11 of its levels.
You also visited: Sewer.

You collected 761 gold pieces.
You spent 171 gold pieces at shops.

Inventory:

Missiles
 r - 2 curare-tipped darts
 z - 3 boomerangs (quivered)
Armour
 c - a +1 hat (worn)
 E - a +0 robe (worn)
Jewellery
 J - a ring of protection from cold (right claw)
 P - a ring of poison resistance (left claw)
 U - an amulet of faith (around neck)
Wands
 l - a wand of light (1)
 v - a wand of flame (7)
 y - a wand of digging (4)
Scrolls
 a - 3 scrolls of enchant armour
 b - a scroll of butterflies {unknown}
 f - a scroll of immolation
 j - 4 scrolls of amnesia
 k - 4 scrolls of teleportation
 B - 2 scrolls of fear
 C - a scroll of vulnerability
Potions
 d - 3 potions of magic
 e - 2 potions of brilliance
 g - 3 potions of cancellation
 i - a potion of mutation
 m - a potion of attraction
 q - 3 potions of haste {unknown}
 t - a potion of invisibility {unknown}
 u - a potion of experience {unknown}
 w - 2 potions of might {unknown}
 x - 2 potions of heal wounds {unknown}
 A - 2 potions of lignification {unknown}
 D - 3 potions of curing {unknown}


   Skills:
 - Level 4.0 Fighting
 + Level 5.9 Throwing
 - Level 5.0 Dodging
 - Level 1.0 Stealth
 - Level 10.0 Unarmed Combat
 - Level 3.0 Spellcasting
 - Level 3.0 Conjurations
 - Level 0.6 Summonings
 - Level 2.0 Translocations
 - Level 3.0 Air Magic
 - Level 3.0 Poison Magic
 - Level 3.0 Evocations


You had 10 spell levels left.
You knew the following spells:

 Your Spells              Type           Power      Damage    Failure   Level
a - Magic Dart            Conj           68%        1d6       22%         1
b - Blink                 Tloc           24%        N/A       38%         2
m - Mephitic Cloud        Conj/Pois/Air  17%        N/A       47%         3

Your spell library contained the following spells:

 Spells                   Type           Power      Damage    Failure   Level
 Momentum Strike          Conj/Tloc      28%        3d8       34%         2
 Cigotuvi's Dreadful Rot  Necr/Pois/Air  24%        N/A       38%         2
 Summon Small Mammal      Summ           24%        N/A       43%         1
 Slow                     Hex            12%        N/A       50%         1
 Call Imp                 Summ           6%         N/A       54%         2
 Lesser Beckoning         Tloc           24%        N/A       58%         3
 Call Canine Familiar     Summ           6%         N/A       75%         3
 Summon Guardian Golem    Hex/Summ       4%         N/A       78%         3
 Manifold Assault         Tloc           12%        N/A       89%         4
 Irradiate                Conj/Tmut      5%         3d13      99%         5
 Blade Hands              Tmut           1%         N/A       100%        5
 Dragon Form              Tmut           1%         N/A       100%        7
 Storm Form               Tmut/Air       5%         N/A       100%        7


Dungeon Overview and Level Annotations

Branches:
Dungeon (11/15)            Temple (0/1) D:4            Lair (0/5) D:10
    Orc (0/2) D:9           Sewer (visited)

Altars:
Ashenzari
Cheibriados
Fedhas
Makhleb
Trog
Vehumet
Yredelemnul

Shops:
D:4 (   D:6 (?

Annotations:
D:7 1 runed translucent door
D:10 exclusions: oklob plant and oklob sapling


Innate Abilities, Weirdness & Mutations

You are too large for most types of armour.
You have claws for hands.
Your natural rate of healing is unusually fast.
You are covered in fur. (AC +1)
You have tough skin. (AC +1)
You have a pair of small horns on your head.
Your spells are much harder to cast, but much more powerful.
Armour fits poorly on your massive pseudopods.
You expend magic power (3 MP) to strengthen your wands.
You passively dampen the noise of your surroundings.


Message History

The fire bat bites you.
You are engulfed in flames!
The fire elemental barely misses you.
You claw the fire elemental!
You destroy the fire elemental!
The fire bat bites you.
You are engulfed in flames!
You scratch the fire elemental.
Your headbutt misses the fire elemental.
Your bludgeon misses the fire elemental.
The fire elemental is lightly damaged.
The fire bat closely misses you. The fire elemental closely misses you.
You claw the fire elemental!
The fire elemental is moderately damaged.
The fire bat closely misses you. The fire elemental hits you.
The fire elemental burns you! The fire bat bites you.
You are engulfed in flames!
You claw the fire elemental! You bludgeon the fire elemental.
The fire elemental is almost destroyed.
The fire bat bites you but does no damage.
The fire elemental hits you. The fire elemental burns you!
You barely miss the fire elemental.
The fire elemental is almost destroyed.
The fire bat bites you.
You are engulfed in flames!
* * * LOW HITPOINT WARNING * * *
The fire elemental hits you. The fire elemental burns you!
* * * LOW HITPOINT WARNING * * *
Unknown command.
Okay, then.
Unknown command.
Okay, then.
Unknown command.
Okay, then.
Okay, then.
Unknown command.
As you read the scroll of teleportation, it crumbles to dust.
You feel strangely unstable. The fire elemental hits you.
* * * LOW HITPOINT WARNING * * *
The fire elemental burns you!
* * * LOW HITPOINT WARNING * * *
The fire elemental hits you. The fire elemental burns you!
You die...

........ .# ....... ..#
......# ..# .....# #.#
#....# ..#..##....#
#.....#b...+
[.....E....#
#E...°#@...#+#### ☼.#..
#.......... #.
##..#####..... ..## ..
##...# #.... ...## ..
##....# #...# ....## .
##.....# #...#
.....###. ##......#
#...###### .........
........# #........##
.........
........#####..........


You could see a fire elemental and a fire bat.

Vanquished Creatures
  A two-headed ogre (D:10)
  Maurice (D:10)
  5 centaur zombies (D:10)
  2 trolls
  A hornet (D:10)
  2 wraiths
  3 yaks (D:9)
  A shadow (D:9)
  3 wyverns
  A fire elemental (D:11)
  Edmund (D:5)
  A steam dragon (D:8)
  2 water moccasins
  An orc warrior (D:9)
  2 sky beasts (D:7)
  An ice beast (D:6)
  3 ogres
  3 wolves
  4 centaurs
  2 kobold brigands
  A bullfrog (D:8)
  3 necrophages
  4 scorpions
  11 wights
  5 killer bees
  8 howler monkeys
  3 electric eels (D:10)
  3 jellies (Sewer)
  5 orc priests
  6 hounds
  2 iguanas
  9 orc wizards
  11 adders
  7 gnolls (D:4)
  2 river rats (D:4)
  A shadow imp (D:6)
  4 white imps
  An ufetubus (D:3)
  10 worms
  3 dart slugs
  28 orcs
  16 ball pythons
  3 bats
  6 endoplasms (Sewer)
  7 giant cockroaches
  5 goblins
  4 hobgoblins
  8 jackals
  3 quokkas
  13 frilled lizards
  16 kobolds
  8 rats
256 creatures vanquished.

Vanquished Creatures (others)
  The ghost of decrepitude the Fighter, a journeyman DsIE of Fedhas (D:11)
  A wolf (D:10)
  A phantom (D:6)
  A kobold brigand (D:9)
  A bullfrog (D:5)
  2 wights (D:7)
  16 jellies
  An electric eel (D:7)
  A howler monkey (D:7)
  A hound (D:5)
  2 orc priests (D:8)
  A human skeleton (D:7)
  2 orc wizards (D:8)
  2 adders
  An endoplasm (D:4)
  10 orcs
  A giant cockroach (Sewer)
  3 kobolds (D:9)
  A ball python (D:4)
  A goblin zombie (D:7)
  A kobold skeleton (D:7)
  A kobold zombie (D:7)
  6 plants (D:10)
  7 withered plants (D:10)
65 creatures vanquished.

Grand Total: 321 creatures vanquished

Notes
Turn   | Place    | Note
-------+----------+-------------------------------------------
     0 | D:1      | Armakuni the Troll Hedge Wizard began the quest for the
                  | Orb.
     0 | D:1      | Reached XP level 1. HP: 16/16 MP: 2/2
    98 | D:1      | Reached skill level 1 in Unarmed Combat
   106 | D:1      | Reached XP level 2. HP: 26/26 MP: 4/4
   110 | D:1      | Reached skill level 1 in Fighting
   480 | D:2      | Reached XP level 3. HP: 33/33 MP: 5/5
   511 | D:2      | Reached skill level 2 in Unarmed Combat
   849 | D:2      | Reached XP level 4. HP: 35/42 MP: 6/6
   951 | D:3      | Learned a level 3 spell: Mephitic Cloud
   954 | D:3      | Learned a level 2 spell: Blink
  1267 | D:3      | Reached skill level 1 in Conjurations
  1775 | D:4      | Found Seulan's Weapon Shoppe.
  1778 | D:4      | Bought 2 curare-tipped darts for 12 gold pieces
  1816 | D:4      | Reached XP level 5. HP: 35/49 MP: 7/7
  1838 | D:4      | Found a glowing drain.
  1886 | Sewer    | Entered a sewer
  1979 | Sewer    | Reached skill level 1 in Poison Magic
  2033 | Sewer    | Reached skill level 1 in Air Magic
  2125 | Sewer    | Found a viscous altar of Jiyva.
  2129 | Sewer    | Reached XP level 6. HP: 53/57 MP: 8/8
  2143 | Sewer    | Became a worshipper of Jiyva Jijatosk the Shapeless
  2361 | D:4      | Found a broken altar of Ashenzari.
  2640 | D:4      | Reached XP level 7. HP: 60/65 MP: 10/10
  2719 | D:4      | Found a bloodstained altar of Trog.
  2841 | D:4      | Found the +6 shillelagh "Devastator" {shatter}
  2943 | D:4      | Found a staircase to the Ecumenical Temple.
  3095 | D:4      | Reached * piety under Jiyva
  3173 | D:5      | Entered Level 5 of the Dungeon
  3288 | D:5      | Found a blossoming altar of Fedhas.
  3486 | D:5      | Noticed Edmund
  3512 | D:5      | Killed Edmund
  3686 | D:5      | Reached ** piety under Jiyva
  3760 | D:5      | Reached XP level 8. HP: 71/72 MP: 11/11
  3791 | D:6      | Reached skill level 1 in Evocations
  3913 | D:6      | Reached skill level 1 in Translocations
  3996 | D:6      | Found Penax's Weapon Shoppe.
  4019 | D:6      | Reached skill level 3 in Unarmed Combat
  4117 | D:6      | Reached *** piety under Jiyva
  4222 | D:6      | Found Jerec's Magic Scroll Shop.
  4228 | D:6      | Bought a scroll of immolation for 44 gold pieces
  4228 | D:6      | Bought a scroll of blinking for 82 gold pieces
  4228 | D:6      | Bought a scroll of teleportation for 33 gold pieces
  4523 | D:7      | Reached skill level 4 in Unarmed Combat
  4649 | D:7      | Reached XP level 9. HP: 81/82 MP: 9/12
  4770 | D:7      | Gained mutation: Armour fits poorly on your pseudopods.
                  | [Jiyva's grace]
  4770 | D:7      | Gained mutation: Armour fits poorly on your large
                  | pseudopods. [Jiyva's grace]
  4770 | D:7      | Gained mutation: Armour fits poorly on your massive
                  | pseudopods. [Jiyva's grace]
  4770 | D:7      | Gained mutation: You possess an exceptional clarity of
                  | mind. [Jiyva's grace]
  4901 | D:7      | Reached **** piety under Jiyva
  5078 | D:7      | Found a burning altar of Makhleb.
  5174 | D:7      | Found a runed translucent door.
  5175 | D:7      | Found a basalt altar of Yredelemnul.
  5615 | D:8      | Reached skill level 5 in Unarmed Combat
  5682 | D:7      | Reached skill level 1 in Throwing
  6136 | D:9      | Reached skill level 6 in Unarmed Combat
  6224 | D:9      | Reached skill level 7 in Unarmed Combat
  6504 | D:9      | Found a staircase to the Orcish Mines.
  6557 | D:9      | Noticed a troll
  6570 | D:9      | Killed a troll
  6578 | D:9      | Reached XP level 10. HP: 63/92 MP: 13/13
  6976 | D:9      | Gained mutation: Your spells are a little harder to cast,
                  | but a little more powerful. [Jiyva's grace]
  6976 | D:9      | Gained mutation: Your spells are harder to cast, but more
                  | powerful. [Jiyva's grace]
  6976 | D:9      | Gained mutation: Your spells are much harder to cast, but
                  | much more powerful. [Jiyva's grace]
  6976 | D:9      | Gained mutation: You have a small jelly attached to you
                  | that senses nearby items. [Jiyva's grace]
  7038 | D:9      | Reached ***** piety under Jiyva
  7296 | D:10     | Entered Level 10 of the Dungeon
  7296 | D:10     | Noticed Maurice
  7296 | D:10     | Found a snail-covered altar of Cheibriados.
  7363 | D:9      | Reached skill level 8 in Unarmed Combat
  7367 | D:10     | Noticed a two-headed ogre
  7371 | D:10     | Killed Maurice
  7377 | D:10     | Killed a two-headed ogre
  7399 | D:9      | Reached skill level 9 in Unarmed Combat
  7644 | D:10     | Found a staircase to the Lair.
  7772 | D:10     | Reached skill level 5 in Throwing
  7814 | D:10     | Reached skill level 5 in Dodging
  7834 | D:10     | Found a radiant altar of Vehumet.
  7886 | D:10     | Reached skill level 10 in Unarmed Combat
  8031 | D:10     | Reached XP level 11. HP: 100/100 MP: 14/14
  8031 | D:10     | Noticed an oklob plant
  8177 | D:10     | Lost mutation: You have a small jelly attached to you that
                  | senses nearby items. [potion of mutation]
  8177 | D:10     | Lost mutation: You possess an exceptional clarity of mind.
                  | [potion of mutation]
  8177 | D:10     | Gained mutation: You have a pair of small horns on your
                  | head. [potion of mutation]
  8177 | D:10     | Gained mutation: You passively dampen the noise of your
                  | surroundings. [potion of mutation]
  8177 | D:10     | Gained mutation: You expend magic power (3 MP) to
                  | strengthen your wands. [potion of mutation]
  8363 | D:11     | Killed decrepitude's ghost
  8416 | D:11     | Slain by a fire elemental

Illustrated notes

Levels and vault maps discovered:
D:1:      reono_arrival_forest_river, layout_rooms
D:2:      layout_rooms
D:3:      layout_basic
D:4:      layout_loops_ring, mainiacjoe_overflow_cross_hatched,
          ashenzari_altar_1, minmay_temple_entry_glass, portal_sewer_entry_e,
          serial_shops, nicolae_stop_n_shop_1, dilly_guarded_unrand_devastator
D:5:      layout_rooms, mainiacjoe_overflow_24_doors, uniq_edmund
D:6:      layout_loops_ring, serial_shops, shop, shop_scrolls
D:7:      layout_basic, dk_yredelemnul_ordeal, lemuel_doored_altar,
          nrook_campfire, kennysheep_cross_room
D:8:      layout_basic
D:9:      minmay_goldmine, layout_basic, orc_0_dummy, serial_park_tiny_2,
          nicolae_wwwww, hex_tiny
D:10:     layout_rooms, mainiacjoe_overflow_catwalk_spiral, erik_lair_island,
          serial_undead, serial_undead_b, serial_undead_e, serial_undead_d,
          serial_undead_e, introduction_to_nature_2, uniq_maurice
D:11:     minmay_firetagon, layout_irregular_city, gauntlet_entry_generic,
          gammafunk_ghost_ooze, minmay_misc_feat_pillars, uniq_sonja

Skill      XL: |  1  2  3  4  5  6  7  8  9 10 |
---------------+-------------------------------+-----
Unarmed Combat | 1 2 4 7 10 | 10.0
Fighting       | 1 2 3 4 |  4.0
Conjurations   | 1 2 3 |  3.0
Poison Magic   | 1 2 3 |  3.0
Air Magic      | 1 3 |  3.0
Spellcasting   | 3 |  3.0
Evocations     | 3 |  3.0
Translocations | 2 |  2.0
Throwing       | 3 5 |  5.9
Dodging        | 3 5 |  5.0
Stealth        | |  1.0
Summonings     | |  0.6

Action                   |  1- 3 |  4- 6 |  7- 9 | 10-12 || total
-------------------------+-------+-------+-------+-------++-------
Melee: Unarmed           |   106 |   225 |   315 |   173 ||   819
       Punch             |     1 |     4 |     3 |     6 ||    14
       Pseudopods        |       |       |    20 |    34 ||    54
       Headbutt          |       |       |       |     1 ||     1
Throw: Dart              |       |       |     7 |     3 ||    10
       Boomerang         |       |       |       |    10 ||    10
 Cast: Mephitic Cloud    |       |     7 |    31 |    13 ||    51
       Blink             |       |       |     1 |       ||     1
Evoke: Wand              |       |     4 |    10 |     4 ||    18
  Use: Scroll            |       |     4 |     6 |     2 ||    12
       Potion            |       |       |       |     8 ||     8
 Stab: Sleeping          |     1 |     1 |     1 |       ||     3
       Confused          |       |     1 |    11 |     3 ||    15
       Held in net/web   |       |       |       |     1 ||     1
Armor: Robe              |    38 |    81 |    83 |    48 ||   250
Dodge: Dodged            |    53 |    80 |   148 |   121 ||   402

Table legend: (Time is in decaauts)
 A = Elapsed time spent in this place.
 B = Non-inter-level travel time spent in this place.
 C = Inter-level travel time spent in this place.
 D = Time resting spent in this place.
 E = Time spent auto-exploring this place.
 F = Levels seen in this place.
 G = Mean time per level.
                   A        B        C        D        E       F      G
               +--------+--------+--------+--------+--------+-----+--------+
         Total |   8445 |   7961 |    484 |    674 |   4793 |  12 |  703.8 |
       Dungeon |   8114 |   7630 |    484 |    639 |   4721 |  11 |  737.6 |
         Sewer |    330 |    330 |      0 |     35 |     72 |   1 |  330.0 |
               +--------+--------+--------+--------+--------+-----+--------+

Top non-repeatable levels by time:
     D:9: 1180 daAuts
     D:7: 1133 daAuts
     D:4: 1069 daAuts
     D:3: 893 daAuts
     D:8: 825 daAuts
    D:10: 770 daAuts
     D:6: 704 daAuts
     D:5: 508 daAuts
     D:1: 469 daAuts
     D:2: 468 daAuts
   Sewer: 330 daAuts
    D:11: 91 daAuts
